 Dungeon Crawl Stone Soup version 0.29-a0-529-gfa20dd96a1 (webtiles) character file.

Game seed: 15613846406515595793

107 Mgcat the Covered (level 5, 0/46 HPs)
             Began as a Meteoran Fighter on June 1, 2022.
             Slain by Robin
             ... wielding a +0 mace
              (4 damage)
             ... on level 3 of the Dungeon.
             The game lasted 00:01:09 (733 turns).

Mgcat the Covered (Meteoran Fighter)                 Turns: 733, Time: 00:01:09

Health: 0/46       AC:  7    Str: 20    XL:     5   Next: 33%
Magic:  6/6        EV:  9    Int:  9    God:
Gold:   0          SH:  5    Dex: 13    Spells: 4/4 levels left

rFire   . . .      SeeInvis .   a - +0 war axe
rCold   . . .      Faith    .   c - +0 buckler
rNeg    . . .      Spirit   .   b - +0 scale mail
rPois   .          Reflect  .   (no helmet)
rElec   .          Harm     .   (no cloak)
rCorr   .          Rampage  .   (no gloves)
Will    .....                   (no boots)
Stlth   ..........              (no amulet)
HPRegen 0.15/turn               (no ring)
MPRegen 0.10/turn               (no ring)

@: mighty, glowing
A: sense surroundings 1, otherworldly, glowing, explore regen
a: no special abilities


You were on level 3 of the Dungeon.
You visited 1 branch of the dungeon, and saw 3 of its levels.

Inventory:

Hand Weapons
 a - a +0 war axe (weapon)
Missiles
 k - a throwing net {=f, !d}
Armour
 b - a +0 scale mail (worn)
 c - a +0 buckler (worn)
Wands
 j - a wand of polymorph (12)
   (You found it on level 2 of the Dungeon)
Scrolls
 e - a scroll of fog {unknown}
 f - a scroll of enchant armour {unknown}
 g - a scroll of noise {unknown}
 l - a scroll of identify {unknown}
Potions
 h - a potion of attraction {unknown}
 i - a potion of heal wounds {unknown}


   Skills:
 + Level 3.9 Fighting
 * Level 4.1 Axes
 + Level 4.3 Armour
 + Level 4.3 Shields


You had 4 spell levels left.
You didn't know any spells.
Your spell library was empty.

Dungeon Overview and Level Annotations

Branches:
Dungeon (3/15)

Altars:

Annotations:
D:3 Robin


Innate Abilities, Weirdness & Mutations

You passively map a small area around you.
You are easily found by Zot.
You glow in the dark.
You regain HP and MP as you explore.


Message History

An adder comes into view.
Robin says, "Feeling lonely?"
Robin hits you but does no damage.
The adder hisses angrily.
You hit Robin.
Robin is moderately wounded.
Robin closely misses you.
You hit Robin.
Robin is heavily wounded.
A kobold comes into view.
It is wielding a +0 dagger and quivering poisoned darts.
Robin roars a battlecry!
The hobgoblin goes into a battle-frenzy!
A goblin comes into view. It is wielding a +0 club.
Robin hits you with a +0 mace.
An endoplasm comes into view.
The goblin moves out of view.
The kobold shouts!
You take 4 damage, and have 28/46 hp.
You barely miss Robin.
Robin is heavily wounded.
Robin hits you with a +0 mace.
You take 4 damage, and have 24/46 hp.
You closely miss Robin.
Robin is heavily wounded.
You hit the adder. You block the adder's attack.
Robin says, "A pitiful Meteoran like you will never find the ORB!"
Robin hits you but does no damage. You block the adder's attack.
You hit Robin.
Robin is heavily wounded.
You miss the adder. Robin hits you with a +0 mace. The adder bites you.
You are poisoned.
The adder poisons you! The hobgoblin hits you. Robin hits you with a +0 mace.
* * * LOW HITPOINT WARNING * * *
The adder bites you but does no damage.
You take 11 damage, and have 13/46 hp.
MASSIVE DAMAGE!!
You feel sick.
Things that are here:
a +0 dagger; a goblin corpse You take 2 damage, and have 11/46 hp.
You feel very mighty all of a sudden.
You feel sick. The adder bites you but does no damage. The hobgoblin hits you.
* * * LOW HITPOINT WARNING * * *
You take 3 damage, and have 8/46 hp.
Unknown command.
Unknown command.
You slash the adder!
You kill the adder!
You barely miss the hobgoblin.
You feel sick. You block the hobgoblin's attack.
The endoplasm jiggles.
Robin roars a battlecry!
The goblin goes into a battle-frenzy!
Unknown command.
Unknown command.
You closely miss the hobgoblin. You hit the kobold.
You feel sick. You block the hobgoblin's attack.
The kobold hits you but does no damage.
The hobgoblin hits you but does no damage.
The kobold hits you with a +0 dagger.
* * * LOW HITPOINT WARNING * * *
A goblin comes into view. It is wielding a +0 dagger.
You take 2 damage, and have 6/46 hp.
Unknown command.
Unknown command.
Unknown command.
You slash the hobgoblin!
You kill the hobgoblin!
You hit the kobold.
You kill the kobold!
You feel sick.
You are no longer poisoned.
The bat closely misses you.
You take 1 damage, and have 5/46 hp.
Unknown command.
Unknown command.
Unknown command.
You slash the goblin!
You kill the goblin!
You closely miss the bat. The bat hits you but does no damage.
You block the bat's attack. The bat hits you but does no damage.
Unknown command.
Unknown command.
You slash the endoplasm!
You kill the endoplasm!
You barely miss the bat. The bat barely misses you.
Unknown command.
Unknown command.
The bat hits you but does no damage. The bat attacks as you move away!
The bat barely misses you. The bat completely misses you.
The bat attacks as you move away! You block the bat's attack.
The bat hits you but does no damage. The bat hits you but does no damage.
The goblin closely misses you. The bat barely misses you.
You slash the bat!
You kill the bat!
You hit the goblin. Robin throws the goblin at you!
The goblin hits you but does no damage. The goblin hits you with a +0 dagger.
* * * LOW HITPOINT WARNING * * *
You take 2 damage, and have 4/46 hp.
Robin attacks as you move away! Robin hits you with a +0 mace.
You die...

#... *#.# ... ,
#.....##.# ...# ,
#..... ..#.....
*#..... #.#....*
.#....###.... * *
, #.....))).# ##
####.##)†.# *,..
*
#..g.g))#.###.#,*
#.##@####.....# *
, #.......####
######..# ^*,
#..# ,
**#######..# * ,
.........# *
*########.#
###..# #.# #....#
#.#


You could see Robin and a goblin (strong).

Vanquished Creatures
  A gnoll shaman (D:3)
  3 adders
  3 gnolls (D:3)
  An orc (D:3)
  An endoplasm (D:3)
  A giant cockroach (D:3)
  9 goblins (D:3)
  A hobgoblin (D:3)
  A kobold (D:3)
  A bat (D:3)
  A frilled lizard (D:3)
23 creatures vanquished.

Notes
Turn   | Place    | Note
-------+----------+-------------------------------------------
     0 | D:1      | Mgcat the Meteoran Fighter began the quest for the Orb.
     0 | D:1      | Reached XP level 1. HP: 19/19 MP: 2/2
    35 | D:1      | You fall into a shaft and drop 1 floor!
   101 | D:2      | Reached XP level 2. HP: 19/26 MP: 3/3
   148 | D:3      | Reached skill level 3 in Axes
   230 | D:3      | Reached XP level 3. HP: 24/31 MP: 4/4
   246 | D:3      | Reached skill level 4 in Armour
   246 | D:3      | Reached skill level 4 in Shields
   246 | D:3      | Reached XP level 4. HP: 17/40 MP: 5/5
   289 | D:3      | HP: 8/40 [gnoll/+0 club[a gnoll shaman] (5)]
   706 | D:3      | Noticed Robin
   709 | D:3      | Reached XP level 5. HP: 45/45 MP: 6/6
   711 | D:3      | Reached skill level 4 in Axes
   721 | D:3      | HP: 11/46 [poisoned by an adder]
   725 | D:3      | HP: 5/46 [poisoned by an adder]
   732 | D:3      | HP: 4/46 [goblin/+0 dagger[Robin] (2)]
   733 | D:3      | Slain by Robin

Illustrated notes

Levels and vault maps discovered:
D:1:      scummos_arrival_forest, layout_basic, ebering_ecumenical_altar_webs
D:2:      layout_basic, serial_shops, nicolae_shop_hallway_stairs
D:3:      layout_loops_ring, grunt_temple_overflow_lords_of_destruction,
          uniq_robin

Skill      XL: |  1  2  3  4  5 |
---------------+----------------+-----
Axes           | 3 4 |  4.1
Armour         | 4 |  4.3
Shields        | 4 |  4.3
Fighting       | |  3.9

Action                   |  1- 3 |  4- 6 || total
-------------------------+-------+-------++-------
Melee: War axe           |    29 |    38 ||    67
  Use: Potion            |       |     1 ||     1
Armor: Scale mail        |    13 |    32 ||    45
Dodge: Dodged            |    12 |    13 ||    25
Block: Buckler           |     8 |    18 ||    26

Table legend: (Time is in decaauts)
 A = Elapsed time spent in this place.
 B = Non-inter-level travel time spent in this place.
 C = Inter-level travel time spent in this place.
 D = Time resting spent in this place.
 E = Time spent auto-exploring this place.
 F = Levels seen in this place.
 G = Mean time per level.
                   A        B        C        D        E       F      G
               +--------+--------+--------+--------+--------+-----+--------+
         Total |    757 |    757 |      0 |    244 |    318 |   3 |  252.3 |
       Dungeon |    757 |    757 |      0 |    244 |    318 |   3 |  252.3 |
               +--------+--------+--------+--------+--------+-----+--------+

Top non-repeatable levels by time:
     D:3: 638 daAuts
     D:2: 84 daAuts
     D:1: 35 daAuts

Table legend:
 A = Kills in this place as a percentage of kills in entire the game.
 B = Kills by you in this place as a percentage of kills by you in the entire game.
 C = Kills by friends in this place as a percentage of kills by friends in the entire game.
 D = Other kills in this place as a percentage of other kills in the entire game.
 E = Experience gained in this place as a percentage of experience gained in the entire game.
 F = Experience gained in this place divided by the number of levels of this place that you have seen.
                   A       B       C       D       E      F
               +-------+-------+-------+-------+-------+----------------------
         Total | 100.0 | 100.0 |   N/A |   N/A | 100.0 |  51.0
       Dungeon | 100.0 | 100.0 |   N/A |   N/A | 100.0 |  51.0
               +-------+-------+-------+-------+-------+----------------------
